 Dungeon Crawl Stone Soup version 0.29-a0-352-g0917bc69df (webtiles) character file.

Game seed: 2921567469759504852

17457 zazu2006 the Covert (level 12, -1/103 HPs)
             Began as a Naga Hedge Wizard on Apr 23, 2022.
             Was an Elder of Vehumet.
             Slain by an ice devil (8 damage)
             ... in an ice cave.
             The game lasted 01:02:48 (18739 turns).

zazu2006 the Covert (Naga Hedge Wizard)            Turns: 18739, Time: 01:02:49

Health: -1/103     AC: 10    Str: 15    XL:     12   Next: 48%
Magic:  0/27       EV: 10    Int: 17    God:    Vehumet [****..]
Gold:   1715       SH:  5    Dex: 11    Spells: 14/33 levels left

rFire   + . .      SeeInvis +   y - +3 spear
rCold   + . .      Faith    .   (no shield)
rNeg    + . .      Spirit   .   d - +0 leather armour {rC+ rF+}
rPois   +          Reflect  +   t - +1 helmet
rElec   +          Harm     .   a - +0 cloak
rCorr   .          Rampage  .   e - +1 pair of gloves "Diycidewn" {Will+}
Will    ++...                   (no barding)
Stlth   +++++.....              g - amulet "Asetri" {Reflect rElec rN+ SH+5}
HPRegen 0.27/turn               j - ring of wizardry
MPRegen 0.20/turn               c - ring of flight

@: flying, hasted, quick
A: AC +4, large, see invisible, deformed body, poison resistance, slowness 2,
spit poison 1, naga tail 1
a: Spit Poison, Renounce Religion


You were in an ice cave.
You worshipped Vehumet.
Vehumet was greatly pleased with you.
You visited 3 branches of the dungeon, and saw 13 of its levels.
You also visited: Sewer, Bailey and Ice Cave.

You collected 1739 gold pieces.
You spent 24 gold pieces at shops.

Inventory:

Hand Weapons
 y - a +3 spear (weapon)
 I - a +3 long sword
Missiles
 B - 146 stones
Armour
 a - a +0 cloak (worn)
 d - a +0 leather armour of resistance (worn)
 e - the +1 pair of gloves "Diycidewn" (worn) {Will+}
   (You found it in a bailey)

   Will:      It increases your willpower.
 t - a +1 helmet (worn)
 u - the +1 robe of the Swan {Dex+2}
   (You found it on level 3 of the Dungeon)

   Dex:       It affects your dexterity (+2).
 O - a +4 ring mail
Magical Staves
 b - a staff of earth
Jewellery
 c - a ring of flight (right hand)
 g - the amulet "Asetri" (around neck) {Reflect rElec rN+ SH+5}
   (You acquired it on level 10 of the Dungeon)

   [amulet of reflection]

   It reflects blocked missile attacks.
   rElec:     It insulates you from electricity.
   rN:        It protects you from negative energy.
   SH:        It affects your SH (+5).
 j - a ring of wizardry (left hand)
 o - the ring "Affofera" {rElec rF+ MP+9 Str-3 Dex+3}
   (You found it on level 2 of the Dungeon)

   [ring of magical power]

   Str:       It affects your strength (-3).
   Dex:       It affects your dexterity (+3).
   rF:        It protects you from fire.
   rElec:     It insulates you from electricity.
   MP:        It affects your magic capacity (+9).
 D - a +4 ring of protection
 J - an amulet of magic regeneration
Wands
 C - a wand of digging (9)
 F - a wand of paralysis (3)
 H - a wand of polymorph (13)
Scrolls
 f - a scroll of enchant weapon
 h - 2 scrolls of torment
 i - 2 scrolls of amnesia
 k - 2 scrolls of blinking
 l - a scroll of immolation
 n - 4 scrolls of teleportation
 x - a scroll of fear
 G - a scroll of enchant armour
 M - 2 scrolls of fog {unknown}
Potions
 q - a potion of degeneration
 r - 2 potions of attraction
 s - 2 potions of brilliance
 w - 3 potions of mutation
 A - 4 potions of flight


   Skills:
 + Level 5.1 Fighting
 + Level 1.4 Armour
 + Level 4.9 Dodging
 + Level 12.3 Stealth
 + Level 0.1 Shields
 + Level 11.0 Spellcasting
 + Level 7.1 Conjurations
 + Level 1.0 Summonings
 + Level 2.1 Translocations
 + Level 1.0 Fire Magic
 + Level 6.4 Air Magic
 + Level 4.8 Earth Magic
 + Level 6.6 Poison Magic
 + Level 1.2 Evocations


You had 14 spell levels left.
You knew the following spells:

 Your Spells              Type           Power      Damage    Failure   Level
a - Magic Dart            Conj           100%       1d8       1%          1
b - Mephitic Cloud        Conj/Pois/Air  32%        N/A       1%          3
c - Conjure Flame         Conj/Fire      23%        6-21      1%          3
d - Blink                 Tloc           32%        N/A       2%          2
e - Sandblast             Erth           50%        2d12      1%          1
f - Airstrike             Air            15%        N/A       1%          4
g - Fireball              Conj/Fire      11%        3d7       6%          5

Your spell library contained the following spells:

 Spells                   Type           Power      Damage    Failure   Level
 Lightning Bolt           Conj/Air       16%        1d30      1%          5
 Apportation              Tloc           32%        N/A       1%          1
 Stone Arrow              Conj/Erth      58%        3d10      1%          3
 Iskenderun's Battlesphe  Conj           33%        2d9       1%          5
 Summon Small Mammal      Summ           48%        N/A       2%          1
 Frozen Ramparts          Ice            18%        1d3       3%          3
 Animate Skeleton         Necr           18%        N/A       4%          1
 Slow                     Hex            36%        N/A       4%          1
 Call Imp                 Summ           12%        N/A       4%          2
 Gell's Gravitas          Tloc           16%        N/A       4%          3
 Teleport Other           Tloc           16%        N/A       4%          3
 Conjure Ball Lightning   Conj/Air       16%        3x3d6     10%         6
 Animate Armour           Summ/Erth      38%        N/A       12%         4
 Summon Ice Beast         Ice/Summ       11%        N/A       28%         4
 Ice Form                 Ice/Tmut       9%         N/A       34%         4
 Orb of Destruction       Conj           16%        9d7       38%         7
 Dispersal                Tloc           8%         N/A       90%         6
 Lehudib's Crystal Spear  Conj/Erth      14%        10d5      98%         8


Dungeon Overview and Level Annotations

Branches:
Dungeon (11/15)            Temple (1/1) D:4            Lair (1/6) D:8
    Orc (0/2) D:11          Sewer (visited)          Bailey (visited)
  IceCv (1/1)

Altars:
Ashenzari
Cheibriados
Dithmenos
Elyvilon
Fedhas
Gozag
Hepliaklqana
Kikubaaqudgha
Makhleb
Nemelex Xobeh
Okawaru
Qazlal
Ru
Sif Muna
Trog
Uskayaw
Vehumet
Wu Jian
Xom
Yredelemnul
Zin
The Shining One

Shops:
D:7 *?!   D:8 (

Annotations:
D:3 1 runed translucent door, croobank's ghost, amateur HuFi
D:9 1 runed translucent door, Gastronok; NateTC's ghost, novice TrFi IceCv exclusion: ice statue


Innate Abilities, Weirdness & Mutations

Your serpentine skin is tough. (AC +4)
You have supernaturally acute eyesight. (SInv)
Armour fits poorly on your strangely shaped body.
Your system is resistant to poisons. (rPois)
You cover ground very slowly.
You can spit poison.
You have a snake-like lower body.


Message History

The ice devil freezes you. You resist.
* * * LOW HITPOINT WARNING * * *
You hit the ice devil but do no damage.
The ice devil is severely wounded.
Casting: Airstrike (mildly dangerous; 1% risk of failure)
Confirm with . or Enter, or press ? or * to list all spells.
Aiming: Sandblast (safe; 1% risk of failure)
Press: ? - help, Shift-Dir - straight line, f/p - ice devil
Aim: an ice devil (severely wounded, 81% to hit)
The blast of sand misses the ice devil.
B - 148 stones The ice devil hits you but does no damage.
Casting: Sandblast (safe; 1% risk of failure)
Confirm with . or Enter, or press ? or * to list all spells.
Aiming: Sandblast (safe; 1% risk of failure)
Press: ? - help, Shift-Dir - straight line, f/p - ice devil
Aim: an ice devil (severely wounded, 81% to hit)
The blast of sand hits the ice devil but does no damage.
The ice devil is severely wounded.
B - 147 stones The ice devil hits you but does no damage.
Casting: Sandblast (safe; 1% risk of failure)
Confirm with . or Enter, or press ? or * to list all spells.
Aiming: Sandblast (safe; 1% risk of failure)
Press: ? - help, Shift-Dir - straight line, f/p - ice devil
Aim: an ice devil (severely wounded, 81% to hit)
The blast of sand hits the ice devil.
The ice devil is almost dead.
B - 146 stones Unknown command.
Unknown command.
You hit the ice devil.
The ice devil is almost dead.
You block the ice devil's attack.
You hit the ice devil.
The ice devil is almost dead.
The ice devil hits you!
* * * LOW HITPOINT WARNING * * *
The ice devil freezes you! You resist.
You die...

#..# #44.._..#
##.## #.44....#
##..# #####8.....8#
#..##
##..#.4...4..#
##..#
##...#.......##
##.## #..#....#
#..## #..#...##
##..# #.4##.##
##.## ##.@### #####
#..# ######..##
##...## ##.## #[.#
##..# #.....# #..#
#..###..####..#..##
#..# ##..8#..##
#..##...## #.##
#......##
##.####...##
#4.####......#
##..# ##...##
##..##.......#
#..## ##...#
#Z.#........###..#
##..##


You could see an ice devil.

Vanquished Creatures
  2 two-headed ogres
  An ugly thing (IceCv)
  2 black mambas (Lair:1)
  Joseph (D:9)
  An unseen horror (D:10)
  A freezing wraith (IceCv)
  8 ice devils (IceCv)
  A kobold demonologist (D:9)
  2 anaconda simulacra (IceCv)
  2 entropy weaver simulacra (IceCv)
  A troll (D:8)
  2 hornets (D:9)
  Prince Ribbit (D:6)
  5 blink frogs (Lair:1)
  Grinder (D:5)
  A shadow (D:9)
  2 wraiths (D:10)
  8 yaks
  A dire elephant simulacrum (IceCv)
  2 vampires
  A steam dragon (D:8)
  A harpy simulacrum (IceCv)
  3 death yak simulacra (IceCv)
  8 water moccasins
  Duvessa (D:5)
  12 orc warriors
  2 sky beasts
  A black bear (D:5)
  An ogre (D:6)
  6 wolves
  4 centaurs
  4 kobold brigands
  3 phantoms
  5 bullfrogs
  A necrophage (D:5)
  A scorpion (D:7)
  2 cane toad simulacra (IceCv)
  2 two-headed ogre simulacra (IceCv)
  7 wights
  Dowan (D:5)
  5 elephant simulacra (IceCv)
  2 howler monkeys
  7 hounds (D:8)
  8 orc priests
  3 jellies
  5 iguanas
  10 orc wizards
  A hell rat (Sewer)
  A polar bear simulacrum (IceCv)
  6 wolf simulacra (IceCv)
  12 gnolls
  2 river rats (Sewer)
  7 adders
  2 naga simulacra (IceCv)
  3 white imps
  An ufetubus (IceCv)
  A worm (D:5)
  4 dart slugs
  34 orcs
  4 endoplasms
  3 giant cockroaches (D:2)
  12 goblins
  10 hobgoblins
  4 jackals (D:5)
  19 kobolds
  4 quokkas
  7 ball pythons
  9 bats
  3 frilled lizards
  12 rats
312 creatures vanquished.

Vanquished Creatures (others)
  Blork the orc (D:4)
  An electric eel (D:8)
  An ufetubus (IceCv)
  7 fungi
  3 plants (Lair:1)
13 creatures vanquished.

Grand Total: 325 creatures vanquished

Notes
Turn   | Place    | Note
-------+----------+-------------------------------------------
     0 | D:1      | zazu2006 the Naga Hedge Wizard began the quest for the Orb.
     0 | D:1      | Reached XP level 1. HP: 15/15 MP: 4/4
   222 | D:1      | Reached XP level 2. HP: 22/22 MP: 4/6
  1293 | D:2      | Reached XP level 3. HP: 26/28 MP: 2/8
  1482 | D:2      | Identified the ring "Affofera" {rElec rF+ MP+9 Str-3 Dex+3}
  1704 | D:2      | HP: 1/28 [gnoll/+3 halberd (4)]
  1743 | D:2      | Learned a level 3 spell: Mephitic Cloud
  1747 | D:2      | Learned a level 3 spell: Conjure Flame
  1750 | D:2      | Learned a level 2 spell: Blink
  2312 | D:2      | Reached XP level 4. HP: 36/36 MP: 7/10
  3033 | D:3      | Reached XP level 5. HP: 41/42 MP: 7/11
  3282 | D:3      | Found a runed translucent door.
  3289 | D:3      | Noticed croobank's ghost (amateur HuFi)
  3321 | D:3      | Found a bloodstained altar of Trog.
  3471 | D:3      | Identified the +1 robe of the Swan {Dex+2}
  3663 | D:3      | Reached skill level 1 in Fighting
  4100 | D:4      | Found a staircase to the Ecumenical Temple.
  4114 | Temple   | Entered the Ecumenical Temple
  4370 | Temple   | Became a worshipper of Vehumet
  4528 | D:4      | Reached skill level 4 in Stealth
  5040 | D:4      | Noticed Blork the orc
  5053 | D:4      | Killed Blork the orc
  5054 | D:4      | Reached XP level 6. HP: 40/51 MP: 6/12
  5058 | D:4      | Found a shimmering blue altar of Sif Muna.
  5389 | D:5      | Entered Level 5 of the Dungeon
  5433 | D:5      | Noticed a black bear
  5435 | D:5      | Noticed Grinder
  5461 | D:5      | Killed Grinder
  5462 | D:5      | Reached skill level 5 in Spellcasting
  5462 | D:5      | Reached XP level 7. HP: 34/57 MP: 7/14
  5468 | D:5      | HP: 1/57 [worm (5)]
  5479 | D:5      | Noticed Duvessa
  5486 | D:5      | Reached skill level 5 in Stealth
  5491 | D:5      | Noticed Dowan
  5496 | D:5      | Found a glowing drain.
  5506 | Sewer    | Entered a sewer
  6177 | D:5      | Killed Dowan
  6197 | D:5      | Killed Duvessa
  6198 | D:5      | Reached skill level 1 in Air Magic
  6396 | D:5      | Reached XP level 8. HP: 47/67 MP: 0/16
  7343 | D:6      | Reached * piety under Vehumet
  7343 | D:6      | Offered knowledge of Sandblast by Vehumet.
  7483 | D:6      | Reached skill level 6 in Stealth
  7791 | D:6      | Reached skill level 5 in Poison Magic
  7793 | D:6      | Learned a level 1 spell: Sandblast
  7977 | D:6      | Noticed Prince Ribbit
  7988 | D:6      | Killed Prince Ribbit
  7989 | D:6      | Reached XP level 9. HP: 74/74 MP: 6/18
  8121 | D:6      | Reached skill level 5 in Conjurations
  8129 | D:6      | Reached skill level 1 in Earth Magic
  8139 | D:6      | Reached skill level 7 in Stealth
  8535 | D:7      | Found Fiabomug's Distillery.
  8635 | D:7      | Found Packunliph's Assorted Antiques.
  8674 | D:7      | Found Ykluenaj's Magic Scroll Emporium.
  8701 | D:7      | Bought a scroll of identify for 24 gold pieces
  9151 | D:8      | Noticed a troll
  9173 | D:8      | Killed a troll
  9309 | D:8      | Found a staircase to the Lair.
  9330 | D:8      | Found a blossoming altar of Fedhas.
  9340 | D:8      | You fall into a shaft and drop 2 floors!
  9340 | D:10     | Entered Level 10 of the Dungeon
  9353 | D:8      | Found a flagged portal.
  9362 | D:8      | Reached ** piety under Vehumet
  9362 | D:8      | Offered knowledge of Poisonous Vapours by Vehumet.
  9369 | Bailey   | Entered a bailey
  9605 | Bailey   | Reached XP level 10. HP: 84/84 MP: 14/21
  9697 | Bailey   | Reached skill level 8 in Stealth
  9718 | Bailey   | Identified the +1 pair of gloves "Diycidewn" {Will+}
 10062 | D:8      | Found Rilimida's Weapon Boutique.
 10073 | D:8      | Reached skill level 9 in Stealth
 10080 | D:8      | Offered knowledge of Scorch by Vehumet.
 10680 | D:8      | Found an ancient bone altar of Kikubaaqudgha.
 10722 | D:8      | Noticed a two-headed ogre
 10750 | D:8      | Killed a two-headed ogre
 11273 | D:8      | Found a basalt altar of Yredelemnul.
 11273 | D:8      | Found a glowing silver altar of Zin.
 11280 | D:8      | Found a faded altar of an unknown god.
 11282 | D:8      | Found a faded altar of an unknown god.
 11284 | D:8      | Found a sparkling altar of Nemelex Xobeh.
 11623 | Lair:1   | Entered Level 1 of the Lair of Beasts
 11697 | Lair:1   | Noticed a black mamba
 11705 | Lair:1   | Noticed an eight-headed hydra
 11710 | Lair:1   | Killed a black mamba
 11778 | Lair:1   | Reached skill level 10 in Stealth
 11791 | Lair:1   | Reached skill level 1 in Evocations
 11801 | Lair:1   | Reached XP level 11. HP: 46/92 MP: 12/23
 11828 | Lair:1   | Reached *** piety under Vehumet
 12011 | Lair:1   | Reached skill level 11 in Stealth
 12713 | D:9      | Noticed Gastronok
 12813 | D:9      | Noticed Joseph
 12837 | D:9      | Killed Joseph
 13195 | D:9      | Offered knowledge of Airstrike by Vehumet.
 13205 | D:9      | Learned a level 4 spell: Airstrike
 13512 | D:9      | Found a runed translucent door.
 13515 | D:9      | Noticed NateTC's ghost (novice TrFi)
 13518 | D:9      | Identified the +12 spear of Symmetry {freeze, Int+2}
 13762 | D:9      | Reached skill level 12 in Stealth
 14119 | D:10     | Found a glowing golden altar of the Shining One.
 14465 | D:10     | Found a hazy altar of Hepliaklqana.
 14466 | D:10     | Found a shimmering altar of Xom.
 14519 | D:10     | Noticed a two-headed ogre
 14525 | D:10     | Killed a two-headed ogre
 14575 | D:10     | Reached **** piety under Vehumet
 14603 | D:10     | Learned a level 5 spell: Fireball
 14662 | D:10     | Offered knowledge of Lightning Bolt by Vehumet.
 14677 | D:10     | Reached skill level 10 in Spellcasting
 15434 | D:10     | Identified a scroll of acquirement
 15435 | D:10     | Acquired the amulet "Asetri" {Reflect rElec rN+ SH+5}
 15476 | D:11     | Noticed a cyclops
 15482 | D:11     | Noticed a two-headed ogre
 15537 | D:11     | Found a frozen archway.
 15553 | IceCv    | Entered an ice cave
 15597 | IceCv    | Reached skill level 5 in Air Magic
 15597 | IceCv    | Reached XP level 12. HP: 97/102 MP: 18/26
 15791 | IceCv    | Found an ancient bone altar of Kikubaaqudgha.
 16014 | IceCv    | Reached skill level 1 in Armour
 17030 | IceCv    | Reached skill level 5 in Fighting
 18187 | IceCv    | Reached skill level 1 in Fire Magic
 18739 | IceCv    | Slain by an ice devil

Illustrated notes

Levels and vault maps discovered:
D:1:      saegor_arrival_simple_e, layout_basic
D:2:      layout_loops_ring
D:3:      minmay_general_purpose_star, layout_loops_cross,
          trog_three_pillars_becter, ebering_ghost_inner_flame,
          kennysheep_generic_room_10
D:4:      layout_loops_ring, tgw_sif, minmay_temple_entry_slanted
D:5:      layout_basic, serial_rivers, chequers_serial_rivers_marsh,
          chequers_serial_rivers_small_b, chequers_serial_rivers_small_3,
          chequers_serial_rivers_large_b, cheibrodos_sewer_entry_sluice,
          uniq_grinder, uniq_duvessa
D:6:      layout_rooms, uniq_prince_ribbit1
D:7:      layout_gridville, serial_shops, nicolae_lakefront_shop,
          nicolae_shop_advertising_works [nicolae_subvault_shop_adworks],
          nicolae_shop_crystal
D:8:      layout_basic, mainiacjoe_overflow_surrounded_room,
          amcnicky_altar_gilded, chequers_temple_overflow_minitemple,
          erik_lair_island, enter_bailey_5, serial_shops, shop, minmay_bent
D:9:      layout_roguey, ebering_ghost_funeral_grove, uniq_gastronok,
          uniq_joseph
D:10:     layout_long_grid, regret_index_temple_of_mockery,
          nicolae_tso_carved_into_rock, lightli_orcish_oven
D:11:     minmay_goldmine, layout_rooms, minmay_orc_entry_temple_small,
          portal_ice_cave_entry_pillars_2, uniq_harold, uniq_erica
Temple:   minmay_temple_forest_path
Lair:1:   layout_gridlike, grunt_megastairs_5
IceCv:    ice_cave_small_necro

Skill      XL: |  1  2  3  4  5  6  7  8  9 10 11 12 |
---------------+-------------------------------------+-----
Dodging        | 2 3 4 |  4.9
Spellcasting   | 4 5 6 7 8 10 11 | 11.0
Conjurations   | 2 3 4 6 7 |  7.1
Fighting       | 1 2 3 4 5 |  5.1
Stealth        | 4 5 6 7 10 12 | 12.3
Poison Magic   | 2 3 5 6 |  6.6
Air Magic      | 1 2 3 5 6 |  6.4
Earth Magic    | 2 3 4 |  4.8
Evocations     | 1 |  1.2
Translocations | 2 |  2.1
Armour         | 1 |  1.4
Fire Magic     | 1 |  1.0
Shields        | |  0.1
Summonings     | |  1.0

Action                   |  1- 3 |  4- 6 |  7- 9 | 10-12 || total
-------------------------+-------+-------+-------+-------++-------
Melee: Dagger            |    15 |    22 |    31 |       ||    68
       Spear             |       |       |   138 |   493 ||   631
       Punch             |       |       |     4 |     9 ||    13
 Cast: Magic Dart        |    72 |    84 |   174 |    50 ||   380
       Mephitic Cloud    |       |     6 |    39 |    53 ||    98
       Blink             |       |    10 |       |    15 ||    25
       Sandblast         |       |       |    17 |    62 ||    79
       Conjure Flame     |       |       |       |    10 ||    10
       Airstrike         |       |       |       |   152 ||   152
       Fireball          |       |       |       |    16 ||    16
 Abil: Spit Poison       |    12 |    13 |    25 |    37 ||    87
Evoke: Wand              |       |       |     7 |    17 ||    24
  Use: Potion            |     1 |     1 |     2 |    12 ||    16
       Scroll            |       |     7 |     8 |    19 ||    34
 Stab: Confused          |       |     2 |    17 |    42 ||    61
       Sleeping          |       |       |     2 |     4 ||     6
       Distracted        |       |       |     1 |     1 ||     2
       Paralysed         |       |       |       |    29 ||    29
Armor: Robe              |     8 |    21 |    62 |   177 ||   268
       Ring mail         |       |       |       |    45 ||    45
       Leather armour    |       |       |       |    15 ||    15
Dodge: Dodged            |    27 |    42 |   113 |   290 ||   472
Block: Other             |       |       |       |    28 ||    28

Table legend: (Time is in decaauts)
 A = Elapsed time spent in this place.
 B = Non-inter-level travel time spent in this place.
 C = Inter-level travel time spent in this place.
 D = Time resting spent in this place.
 E = Time spent auto-exploring this place.
 F = Levels seen in this place.
 G = Mean time per level.
                   A        B        C        D        E       F      G
               +--------+--------+--------+--------+--------+-----+--------+
         Total |  21995 |  21450 |    545 |   4270 |  12040 |  16 | 1374.7 |
       Dungeon |  15766 |  15322 |    444 |   1069 |  11178 |  11 | 1433.3 |
        Temple |    459 |    359 |    100 |      0 |    330 |   1 |  459.0 |
          Lair |   1098 |   1098 |      0 |    142 |    287 |   1 | 1098.0 |
         Sewer |    531 |    531 |      0 |    328 |     39 |   1 |  531.0 |
        Bailey |    788 |    788 |      0 |    237 |    122 |   1 |  788.0 |
      Ice Cave |   3351 |   3351 |      0 |   2493 |     82 |   1 | 3351.0 |
               +--------+--------+--------+--------+--------+-----+--------+

Top non-repeatable levels by time:
   IceCv: 3351 daAuts
     D:8: 2179 daAuts
     D:2: 1785 daAuts
     D:5: 1747 daAuts
     D:9: 1745 daAuts
    D:10: 1739 daAuts
     D:3: 1541 daAuts
     D:4: 1383 daAuts
     D:1: 1360 daAuts
     D:6: 1110 daAuts
     D:7: 1103 daAuts
  Lair:1: 1098 daAuts
  Bailey: 788 daAuts
   Sewer: 531 daAuts
  Temple: 459 daAuts
